 Dungeon Sprint DCSS version 0.25-a0-589-g1e14c549ee (webtiles) character file.

Game seed: 16875220857765509086, levelgen mode: deterministic

444 jt the Blocker (level 7, -1/41 HPs)
             Began as a Gargoyle Fighter on Mar 9, 2020.
             Was an Initiate of Okawaru.
             Slain by an unseen horror (4 damage)
             ... while paralysed by a floating eye
             ... in the Dungeon (Sprint I: "Red Sonja").
             The game lasted 00:02:01 (709 turns).

jt the Blocker (Gargoyle Fighter)                    Turns: 709, Time: 00:02:02

Health: -1/41      AC:  9    Str: 22    XL:     7   Next: 3%
Magic:  7/7        EV:  2    Int:  8    God:    Okawaru [......]
Gold:   282        SH:  0    Dex:  9    Spells: 6/6 levels left

rFire    . . .     SeeInvis .   a - +0 flail
rCold    . . .     Gourm    .   c - +0 kite shield
rNeg     + . .     Faith    .   n - +0 leather armour
rPois    ∞         Spirit   .   (no helmet)
rElec    +         Reflect  .   (no cloak)
rCorr    .         Harm     .   (no gloves)
MR       .....     NoTele   +   d - +0 pair of boots
Stlth    +.........             (no amulet)
HPRegen  0.13/turn              (no ring)
MPRegen  0.10/turn              (no ring)

@: paralysed
A: negative energy resistance 1, electricity resistance, unbreathing,
petrification resistance, rot immunity, AC +4
a: Renounce Religion


You were in the Dungeon.
You worshipped Okawaru.
Okawaru was noncommittal.
You were not hungry.

You visited 1 branch You collected 373 gold pieces.
You spent 91 gold pieces at shops.

Inventory:

Hand Weapons
 a - a +0 flail (weapon)
 j - a +0 scythe
Missiles
 m - 11 bolts
Armour
 b - a +0 scale mail
 c - a +0 kite shield (worn)
 d - a +0 pair of boots (worn)
 l - a +0 robe
 n - a +0 leather armour (worn)
Wands
 g - a wand of digging (6)
Scrolls
 k - a scroll of blinking
Potions
 e - a potion of curing
 h - a potion of haste
 i - 4 potions of magic
Comestibles
 f - a ration


   Skills:
 - Level 3.2 Fighting
 + Level 10.4 Maces & Flails
 - Level 3.2 Armour
 + Level 11.5 Shields


You had 6 spell levels left.
You didn't know any spells.
Your spell library was empty.

Dungeon Overview and Level Annotations

Branches:
Dungeon (1/1)

Altars:
Cheibriados
Dithmenos
Elyvilon
Fedhas
Gozag
Hepliaklqana
Kikubaaqudgha
Nemelex Xobeh
Okawaru
Qazlal
Ru
Sif Muna
Trog
Uskayaw
Vehumet
Wu Jian
Yredelemnul
Zin
The Shining One

Shops:
D ([


Innate Abilities, Weirdness & Mutations

You are resistant to torment.
Your stone body is resilient. (AC +4)
You are immune to poison.
You resist negative energy. (rN+)
You are resistant to electric shocks. (rElec)
You can survive without breathing.
You are immune to petrification.
You are immune to rotting.


Message History

You block something's attack.
Deactivating autopickup; reactivate with Ctrl-A.
The floating eye's stare focuses on you.
Something hits you. Something hits you but does no damage.
You barely miss something. Something hits you but does no damage.
You closely miss something. Something hits you but does no damage.
You block something's attack.
You closely miss something. Something hits you. x3
You hit something but do no damage. Something hits you.
The floating eye gazes piercingly through you!
You suddenly lose the ability to move!
Something hits you but does no damage. x2
Something hits you. x3
* * * LOW HITPOINT WARNING * * *
The floating eye's view fixates on you. Something hits you.
* * * LOW HITPOINT WARNING * * *
Something hits you.
* * * LOW HITPOINT WARNING * * *
Something hits you.
You die...

###'#####'#
##..#...#.#
_####..##.#
____##'#_.+
.∩...'..._#
..__##_.#'##+#####
____###+#....(...#
##### ####+###.##
+@∩# ##G#
#.......#
#........
#+++###.## ... ..#
.≈# .≈≈#


You could see a floating eye.

Vanquished Creatures
  Sigmund (D)
  A yak (D)
  An ogre (D)
  A jelly (D)
  Ijyb (D)
5 creatures vanquished.

Notes
Turn   | Place    | Note
-------+----------+-------------------------------------------
     0 | D        | jt the Gargoyle Fighter began the quest for the Orb.
     0 | D        | Reached XP level 1. HP: 14/14 MP: 1/1
     2 | D        | Noticed Ijyb
    14 | D        | Killed Ijyb
    14 | D        | Reached skill level 5 in Shields
    14 | D        | Reached XP level 2. HP: 19/19 MP: 2/2
    14 | D        | Reached XP level 3. HP: 23/23 MP: 3/3
    20 | D        | Noticed an ogre
    26 | D        | Killed an ogre
    26 | D        | Reached skill level 7 in Shields
    26 | D        | Reached XP level 4. HP: 4/28 MP: 4/4
   309 | D        | Noticed Sigmund
   315 | D        | Killed Sigmund
   315 | D        | Reached skill level 10 in Shields
   315 | D        | Reached XP level 5. HP: 23/32 MP: 5/5
   315 | D        | Reached XP level 6. HP: 27/37 MP: 6/6
   397 | D        | Found a shimmering blue altar of Sif Muna.
   398 | D        | Found an ornate altar of the Wu Jian Council.
   399 | D        | Found a radiant altar of Vehumet.
   525 | D        | Found Plog's Weapon Emporium.
   525 | D        | Found an ancient bone altar of Kikubaaqudgha.
   525 | D        | Found a hazy altar of Hepliaklqana.
   525 | D        | Found a hide-covered altar of Uskayaw.
   525 | D        | Found a basalt altar of Yredelemnul.
   525 | D        | Found an opulent altar of Gozag.
   525 | D        | Found a snail-covered altar of Cheibriados.
   525 | D        | Found a sacrificial altar of Ru.
   525 | D        | Found a shadowy altar of Dithmenos.
   525 | D        | Noticed a yak
   531 | D        | Killed a yak
   531 | D        | Reached skill level 10 in Maces & Flails
   531 | D        | Reached skill level 11 in Shields
   531 | D        | Reached XP level 7. HP: 22/41 MP: 7/7
   532 | D        | Found a stormy altar of Qazlal.
   532 | D        | Found a blossoming altar of Fedhas.
   532 | D        | Found a bloodstained altar of Trog.
   532 | D        | Found an iron altar of Okawaru.
   532 | D        | Found a glowing golden altar of the Shining One.
   532 | D        | Found a glowing silver altar of Zin.
   532 | D        | Found a white marble altar of Elyvilon.
   533 | D        | Found a sparkling altar of Nemelex Xobeh.
   600 | D        | Became a worshipper of Warmaster Okawaru
   618 | D        | Found Sonk's Armour Emporium.
   685 | D        | Bought a +0 pair of boots for 63 gold pieces
   685 | D        | Bought a +0 leather armour for 28 gold pieces
   707 | D        | Paralysed by a floating eye for 2 turns
   709 | D        | Slain by an unseen horror

Levels and vault maps discovered:
D:        dungeon_sprint_1 [red_sonja_temple_1, red_sonja_temple_small_1]

Skill      XL: |  1  2  3  4  5  6 |
---------------+-------------------+-----
Maces & Flails | 4 6 9 10 | 10.4
Shields        | 5 7 10 11 | 11.5
Fighting       | |  3.2
Armour         | |  3.2

Action                   |  1- 3 |  4- 6 |  7- 9 || total
-------------------------+-------+-------+-------++-------
Melee: Flail             |    16 |    18 |     4 ||    38
Evoke: Wand              |       |       |     2 ||     2
  Use: Potion            |     2 |     1 |       ||     3
       Scroll            |       |       |     1 ||     1
Armor: Scale mail        |     6 |     5 |       ||    11
       Leather armour    |       |       |     5 ||     5
Dodge: Dodged            |     2 |     6 |       ||     8
Block: Kite shield       |     5 |     3 |     2 ||    10

Table legend:
 A = Non-vault XP
 B = Vault XP
 C = Vault XP percentage of total XP
 D = Non-vault monster count
 E = Vault monster count
 F = Vault count percentage of total count
                 A         B        C        D         E       F
            +---------+---------+-------+---------+---------+-------
      Total |       0 |     635 | 100.0 |       0 |       5 | 100.0
            +---------+---------+-------+---------+---------+-------
          D |       0 |     635 | 100.0 |       0 |       5 | 100.0
            +---------+---------+-------+---------+---------+-------
